Staline vs Patriotes (R1)

Created - November 19, 2017 at 19:00

Goals
1 2 3 T
Staline 0 2 2 4
Patriotes 0 1 0 1
Shots
1 2 3 T
Staline 11 10 19 40
Patriotes 10 9 5 24

1st period

No Goal

Penalties :
Christian Hanson (Nyc) for Hooking (Minor) at 0:22, Lars Eller (StJ) for Hooking (Minor) at 18:53

2nd period

1. Staline , Jiri Sekac 3 (Corey Trivino 6, Tyler Pitlick 7) at 3:53
2. Staline , Tyler Pitlick 3 (Corey Trivino 7) at 6:41
3. Patriotes , Fedor Fedorov 5 (Ryan Wilson 9, Christian Hanson 9) at 11:12 (PP)

Penalties :
Andrew Gordon (Nyc) for Goalie Interference (Minor) at 1:24, Ryan Wilson (Nyc) for Tripping (Minor) at 4:15, David Desharnais (StJ) for Roughing (Minor) at 11:08, Ryan Wilson (Nyc) for Hooking (Minor) at 15:37

3rd period

4. Staline , Tyler Pitlick 4 (Corey Trivino 8) at 15:51
5. Staline , Tyler Pitlick 5 (Philip Larsen 5, Jiri Sekac 1) at 16:15

Penalties :
Matt Calvert (Nyc) for Tripping (Minor) at 7:07

Goalie Stats

Allen York (StJ), 23 saves from 24 shots - (0.958), W, 7-3-2, 60:00 minutes
Andrei Vasilevskiy (Nyc), 36 saves from 40 shots - (0.900), L, 1-6-0, 60:00 minutes

Players Stats for Staline

Player Name              G  A  P  +/- PIM S  H  SB GA TA FO     MP     PP MP  PK MP  
------------------------------------------------------------------------------------
Andrey Pedan             0  0  0   0  0   0  0  2  0  0  0/0     4:32   0:00   0:00 
Barclay Goodrow          0  0  0   0  0   0  0  0  0  0  0/0     0:34   0:19   0:00 
Brandon Burlon           0  0  0   1  0   2  1  1  1  0  0/0    20:10   4:50   0:22 
Bryan Bickell            0  0  0   0  0   2  0  0  0  0  0/0    16:46   4:43   0:00 
Charles Hudon            0  0  0   0  0   0  1  0  0  0  0/1     9:50   0:00   0:00 
Corey Trivino            0  3  3   4  0   1  0  0  0  0  5/8    10:28   0:00   0:00 
Danny Kristo             0  0  0   0  0   5  0  0  1  0  0/0     9:50   0:00   0:00 
David Desharnais         0  0  0   0  2   3  2  0  0  0  10/18  21:56   4:53   1:38 
Dustin Kohn              0  0  0   0  0   3  2  3  1  3  0/0    24:51   5:05   1:41 
James Sheppard           0  0  0   0  0   2  3  0  0  0  1/1    19:58   5:04   0:00 
Jiri Sekac               1  1  2   4  0   1  0  0  0  0  0/0    10:28   0:00   0:00 
Jordan Caron             0  0  0   0  0   3  0  0  1  0  0/0    17:07   4:43   0:21 
Lars Eller               0  0  0   0  2   4  3  0  0  0  7/10   17:17   4:43   0:00 
Marek Zagrapan           0  0  0   0  0   2  0  0  0  0  2/3     9:50   0:00   0:00 
Mike Reilly              0  0  0   3  0   0  0  0  0  0  0/0    10:27   0:00   0:00 
Nikita Nesterov          0  0  0   0  0   0  0  0  0  0  0/0     4:32   0:00   0:00 
Peter Holland            0  0  0   0  0   0  0  0  0  0  0/0     1:05   0:50   0:00 
Philip Larsen            0  1  1   1  0   0  1  1  0  0  0/0    20:10   4:50   0:22 
Steven Goertzen          0  0  0   0  0   5  3  0  0  0  2/8    21:34   4:26   1:42 
Stu Bickel               0  0  0   0  0   2  1  2  0  0  0/0    24:51   5:05   1:41 
Tyler Pitlick            3  1  4   4  0   5  1  0  0  0  0/0    11:12   0:04   0:25 
Viktor Loov              0  0  0   3  0   0  1  0  0  0  0/0    10:27   0:00   0:00 

Players Stats for Patriotes

Player Name              G  A  P  +/- PIM S  H  SB GA TA FO     MP     PP MP  PK MP  
------------------------------------------------------------------------------------
Aaron Ness               0  0  0  -1  0   1  0  0  0  0  0/0    15:15   0:00   1:49 
Alex Petrovic            0  0  0  -1  0   0  1  0  0  1  0/0    13:12   0:00   0:13 
Andrew Gordon            0  0  0   0  2   0  2  1  1  0  2/5    20:55   1:13   3:53 
Anthony Bitetto          0  0  0  -3  0   0  1  0  0  0  0/0    19:35   0:42   4:22 
Austin Watson            0  0  0   0  0   0  0  0  0  0  0/0     1:25   0:00   1:04 
Christian Hanson         0  1  1   0  2   0  2  1  0  0  13/24  21:08   1:13   3:47 
David Kolomatis          0  0  0  -3  0   1  0  2  0  0  0/0    19:54   0:42   4:42 
Emerson Etem             0  0  0   0  0   0  0  0  0  0  0/0     0:00   0:00   0:00 
Fedor Fedorov            1  0  1   0  0   3  3  0  0  0  0/1    20:53   1:13   4:07 
Jared Knight             0  0  0  -1  0   1  2  0  0  0  2/3     9:27   0:00   0:27 
Justin Florek            0  0  0  -2  0   2  1  0  0  0  0/0     9:13   0:00   0:00 
Lauri Tukonen            0  0  0  -1  0   1  1  2  0  1  0/0    14:24   0:50   0:00 
Matt Calvert             0  0  0  -1  2   3  1  1  0  0  0/0    14:43   0:50   0:00 
Phil McRae               0  0  0  -2  0   3  0  0  2  0  0/3     9:13   0:00   0:00 
Riley Barber             0  0  0  -1  0   0  0  0  0  0  0/0     9:00   0:00   0:00 
Robbie Russo             0  0  0   0  0   0  0  0  0  0  0/0     0:00   0:00   0:00 
Robert Baillargeon       0  0  0   0  0   0  0  0  0  0  0/0     1:05   0:00   1:04 
Ryan Wilson              0  1  1   0  4   5  3  2  0  1  0/0    25:08   1:21   3:11 
Scott Glennie            0  0  0   0  0   0  0  0  0  0  0/0     0:00   0:00   0:00 
Timothy Kunes            0  0  0   0  0   0  2  3  0  1  0/0    27:00   1:21   5:33 
Vince Hinostroza         0  0  0  -1  0   1  2  0  0  0  0/0     9:00   0:00   0:00 
Zach Budish              0  0  0  -2  0   2  0  0  0  0  1/3    12:17   0:00   2:39 
Zenon Konopka            0  0  0  -1  0   1  2  0  0  0  4/10   17:13   0:50   2:49 

3 Stars

1 - Tyler Pitlick (StJ)
2 - Jiri Sekac (StJ)
3 - Corey Trivino (StJ)

Power Play

Staline - 0 on 5 Attempt(s) - 0.00%
Patriotes - 1 on 2 Attempt(s) - 50.00%

Penalty Kill

Staline - 1 on 2 Attempt(s) - 50.00% - Score 0 goal in Penalty Kill
Patriotes - 5 on 5 Attempt(s) - 100.00% - Score 0 goal in Penalty Kill

Team Stat

Staline - Hits : 19 - Faceoff Wins : 27 - Blocked Shots : 9 - Penalty Minutes : 4
Patriotes - Hits : 23 - Faceoff Wins : 22 - Blocked Shots : 12 - Penalty Minutes : 10

Official

Referees : Pollock Kevin and Peel Tim
Linesman : David Brisebois and Tony Sericolo

Game Notes

Tyler Pitlick has scored a Hat Trick!

Finance

Level 1 -- Attendance: 1571 (78.55%) -- Ticket Income $62,840
Level 2 -- Attendance: 650 (65.00%) -- Ticket Income $13,000
Total Attendance: 2221 (74.03%)
Total Ticket Income: $75,840
Other Income: $3,792
Total Income: $79,632

Staline

5 vs 5 Forward 
   Center                   Left Wing                Right Wing               Time % Phy DF OF 
 1 David Desharnais         James Sheppard           Steven Goertzen          40     1   2  2  
 2 Lars Eller               Bryan Bickell            Jordan Caron             30     1   2  2  
 3 Corey Trivino            Jiri Sekac               Tyler Pitlick            20     1   2  2  
 4 Marek Zagrapan           Charles Hudon            Danny Kristo             10     1   2  2  

5 vs 5 Defense 
   Defense                  Defense                                           Time % Phy DF OF 
 1 Stu Bickel               Dustin Kohn                                       40     1   2  2  
 2 Brandon Burlon           Philip Larsen                                     30     1   2  2  
 3 Viktor Loov              Mike Reilly                                       20     1   2  2  
 4 Andrey Pedan             Nikita Nesterov                                   10     1   2  2  

PowerPlay Forward 
   Center                   Left Wing                Right Wing               Time % Phy DF OF 
 1 David Desharnais         James Sheppard           Steven Goertzen          60     1   2  2  
 2 Lars Eller               Bryan Bickell            Jordan Caron             40     1   2  2  

PowerPlay Defense
   Defense                  Defense                                           Time % Phy DF OF 
 1 Stu Bickel               Dustin Kohn                                       60     1   2  2  
 2 Brandon Burlon           Philip Larsen                                     40     1   2  2  

Penalty Kill 4 Players Forward 
   Center                   Wing                     Time % Phy DF OF 
 1 Steven Goertzen          David Desharnais         60     1   2  2  
 2 Lars Eller               Jordan Caron             40     1   2  2  

Penalty Kill 4 Players Defense
   Defense                  Defense                  Time % Phy DF OF 
 1 Stu Bickel               Dustin Kohn              60     1   2  2  
 2 Brandon Burlon           Philip Larsen            40     1   2  2  

Penalty Kill - 3 Players Forward 
   Forward                                           Time % Phy DF OF 
 1 Steven Goertzen                                   60     1   2  2  
 2 David Desharnais                                  40     1   2  2  

Penalty Kill - 3 Players Defense
   Defense                  Defense                  Time % Phy DF OF 
 1 Stu Bickel               Dustin Kohn              60     1   2  2  
 2 Brandon Burlon           Philip Larsen            40     1   2  2  

4 vs 4 Forward 
   Center                   Wing                     Time % Phy DF OF 
 1 Steven Goertzen          David Desharnais         60     1   2  2  
 2 Lars Eller               Jordan Caron             40     1   2  2  

4 vs 4 Defense
   Defense                  Defense                  Time % Phy DF OF 
 1 Stu Bickel               Dustin Kohn              60     1   2  2  
 2 Brandon Burlon           Philip Larsen            40     1   2  2  

Last Minutes Offensive
   Center                   Left Wing                Right Wing               Defense                  Defense                  
   David Desharnais         James Sheppard           Steven Goertzen          Stu Bickel               Dustin Kohn              

Last Minutes Defensive
   Center                   Left Wing                Right Wing               Defense                  Defense                  
   David Desharnais         James Sheppard           Steven Goertzen          Stu Bickel               Dustin Kohn              

Goaltenders
Starting : Allen York               
Backup : Joni Ortio               

Extra Forwards
Normal : Peter Holland, Barclay Goodrow, Tyler Pitlick - PP : Peter Holland, Barclay Goodrow - PK : Tyler Pitlick
Extra Defensemen
Normal : Viktor Loov, Mike Reilly, Andrey Pedan - PP : Viktor Loov - PK : Mike Reilly, Andrey Pedan
Penalty Shots
Steven Goertzen, David Desharnais, Lars Eller, Jordan Caron, Tyler Pitlick

Scratches
Ondrej Palat (Suspend), David Musil (Left Foot Injury), Malcolm Subban (Healthy), Sean Maguire (Healthy)

Patriotes

5 vs 5 Forward 
   Center                   Left Wing                Right Wing               Time % Phy DF OF 
 1 Christian Hanson         Fedor Fedorov            Andrew Gordon            40     1   2  2  
 2 Zenon Konopka            Matt Calvert             Lauri Tukonen            30     1   2  2  
 3 Phil McRae               Justin Florek            Zach Budish              20     1   2  2  
 4 Jared Knight             Vince Hinostroza         Riley Barber             10     1   2  2  

5 vs 5 Defense 
   Defense                  Defense                                           Time % Phy DF OF 
 1 Ryan Wilson              Timothy Kunes                                     40     1   2  2  
 2 Anthony Bitetto          David Kolomatis                                   30     1   2  2  
 3 Alex Petrovic            Aaron Ness                                        20     1   2  2  
 4 Ryan Wilson              Timothy Kunes                                     10     1   2  2  

PowerPlay Forward 
   Center                   Left Wing                Right Wing               Time % Phy DF OF 
 1 Christian Hanson         Fedor Fedorov            Andrew Gordon            60     1   2  2  
 2 Zenon Konopka            Matt Calvert             Lauri Tukonen            40     1   2  2  

PowerPlay Defense
   Defense                  Defense                                           Time % Phy DF OF 
 1 Ryan Wilson              Timothy Kunes                                     60     1   2  2  
 2 Anthony Bitetto          David Kolomatis                                   40     1   2  2  

Penalty Kill 4 Players Forward 
   Center                   Wing                     Time % Phy DF OF 
 1 Andrew Gordon            Christian Hanson         60     1   2  2  
 2 Zenon Konopka            Fedor Fedorov            40     1   2  2  

Penalty Kill 4 Players Defense
   Defense                  Defense                  Time % Phy DF OF 
 1 Ryan Wilson              Timothy Kunes            60     1   2  2  
 2 Anthony Bitetto          David Kolomatis          40     1   2  2  

Penalty Kill - 3 Players Forward 
   Forward                                           Time % Phy DF OF 
 1 Andrew Gordon                                     60     1   2  2  
 2 Christian Hanson                                  40     1   2  2  

Penalty Kill - 3 Players Defense
   Defense                  Defense                  Time % Phy DF OF 
 1 Ryan Wilson              Timothy Kunes            60     1   2  2  
 2 Anthony Bitetto          David Kolomatis          40     1   2  2  

4 vs 4 Forward 
   Center                   Wing                     Time % Phy DF OF 
 1 Andrew Gordon            Christian Hanson         60     1   2  2  
 2 Zenon Konopka            Fedor Fedorov            40     1   2  2  

4 vs 4 Defense
   Defense                  Defense                  Time % Phy DF OF 
 1 Ryan Wilson              Timothy Kunes            60     1   2  2  
 2 Anthony Bitetto          David Kolomatis          40     1   2  2  

Last Minutes Offensive
   Center                   Left Wing                Right Wing               Defense                  Defense                  
   Christian Hanson         Fedor Fedorov            Andrew Gordon            Ryan Wilson              Timothy Kunes            

Last Minutes Defensive
   Center                   Left Wing                Right Wing               Defense                  Defense                  
   Christian Hanson         Fedor Fedorov            Andrew Gordon            Ryan Wilson              Timothy Kunes            

Goaltenders
Starting : Andrei Vasilevskiy       
Backup : Marek Schwarz            

Extra Forwards
Normal : Phil McRae, Justin Florek, Zach Budish - PP : Phil McRae, Justin Florek - PK : Zach Budish
Extra Defensemen
Normal : Alex Petrovic, Aaron Ness, Anthony Bitetto - PP : Alex Petrovic - PK : Aaron Ness, Anthony Bitetto
Penalty Shots
Andrew Gordon, Christian Hanson, Zenon Konopka, Fedor Fedorov, Matt Calvert

Scratches
Phoenix Copley (Healthy)

% Time on Ice - Staline

Lines # - Real PCT - Wanted PCT - Time Play
Normal Forward
1 - 33% - 40% - 15:41
2 - 25% - 30% - 12:03
3 - 22% - 20% - 10:28
4 - 20% - 10% - 9:50
Normal Defense
1 - 38% - 40% - 18:05
2 - 31% - 30% - 14:58
3 - 22% - 20% - 10:27
4 - 9% - 10% - 4:32
PP Forward
1 - 52% - 60% - 5:12
2 - 48% - 40% - 4:43
PP Defense
1 - 51% - 60% - 5:05
2 - 49% - 40% - 4:50
PK Forward
1 - 83% - 60% - 1:42
2 - 17% - 40% - 0:21
PK Defense
1 - 82% - 60% - 1:41
2 - 18% - 40% - 0:22
PK3 Forward
1 - 0% - 60%
2 - 0% - 40%
PK3 Defense
1 - 0% - 60%
2 - 0% - 40%
44 Forward
1 - 0% - 60%
2 - 0% - 40%
44 Defense
1 - 0% - 60%
2 - 0% - 40%
Last Minute Offensive  - 0:00
Last Minute Defensive  - 0:00
Total
Forward - 60:00
Defense - 60:00

% Time on Ice - Patriotes

Lines # - Real PCT - Wanted PCT - Time Play
Normal Forward
1 - 34% - 40% - 16:15
2 - 28% - 30% - 13:34
3 - 19% - 20% - 9:13
4 - 19% - 10% - 9:00
Normal Defense
1 - 41% - 40% - 19:33
2 - 30% - 30% - 14:30
3 - 26% - 20% - 12:35
4 - 3% - 10% - 1:24
PP Forward
1 - 59% - 60% - 1:13
2 - 41% - 40% - 0:50
PP Defense
1 - 66% - 60% - 1:21
2 - 34% - 40% - 0:42
PK Forward
1 - 72% - 60% - 7:06
2 - 28% - 40% - 2:49
PK Defense
1 - 57% - 60% - 5:41
2 - 43% - 40% - 4:14
PK3 Forward
1 - 0% - 60%
2 - 0% - 40%
PK3 Defense
1 - 0% - 60%
2 - 0% - 40%
44 Forward
1 - 0% - 60%
2 - 0% - 40%
44 Defense
1 - 0% - 60%
2 - 0% - 40%
Last Minute Offensive  - 0:00
Last Minute Defensive  - 0:00
Total
Forward - 60:00
Defense - 60:00

Play by Play

1st period


0:01 of 1st period - Christian Hanson wins face-off versus David Desharnais in neutral zone.
0:10 of 1st period - Snap shot by Fedor Fedorov.
0:10 of 1st period - Shot Misses the Net.
0:22 of 1st period - Minor Penalty to Christian Hanson for Hooking.
0:23 of 1st period - Andrew Gordon wins face-off versus David Desharnais in Patriotes zone.
0:23 of 1st period - Andrew Gordon is hit by Steven Goertzen.
0:35 of 1st period - Wrist shot by Steven Goertzen.
0:35 of 1st period - Stopped by Andrei Vasilevskiy with a rebound.
0:37 of 1st period - Slapshot by Dustin Kohn.
0:37 of 1st period - Shot Blocked by Timothy Kunes.
2:22 of 1st period - Penalty to Christian Hanson is over, Christian Hanson is back on ice.
2:30 of 1st period - Timothy Kunes is hit by Stu Bickel and loses puck.
3:15 of 1st period - Tyler Pitlick is hit by Alex Petrovic and loses puck.
3:47 of 1st period - Snap shot by Corey Trivino.
3:47 of 1st period - Stopped by Andrei Vasilevskiy without a rebound.
3:48 of 1st period - Lars Eller wins face-off versus Andrew Gordon in Patriotes zone.
4:01 of 1st period - Slapshot by Bryan Bickell.
4:01 of 1st period - Shot Misses the Net.
4:13 of 1st period - David Desharnais is hit by Lauri Tukonen and loses puck.
4:42 of 1st period - Timothy Kunes is hit by Charles Hudon and loses puck.
4:58 of 1st period - Slapshot by Lars Eller.
4:58 of 1st period - Stopped by Andrei Vasilevskiy with a rebound.
5:41 of 1st period - Alex Petrovic is hit by Steven Goertzen and loses puck.
5:51 of 1st period - Icing by Andrew Gordon.
5:52 of 1st period - Christian Hanson wins face-off versus Charles Hudon in Patriotes zone.
6:00 of 1st period - Icing by Lauri Tukonen.
6:01 of 1st period - Lars Eller wins face-off versus Zenon Konopka in Patriotes zone.
6:04 of 1st period - Snap shot by Lars Eller.
6:04 of 1st period - Stopped by Andrei Vasilevskiy without a rebound.
6:05 of 1st period - Christian Hanson wins face-off versus Lars Eller in Patriotes zone.
6:14 of 1st period - Jordan Caron is hit by Fedor Fedorov and loses puck.
6:35 of 1st period - Off-side.
6:36 of 1st period - Zenon Konopka wins face-off versus David Desharnais in neutral zone.
6:39 of 1st period - Slapshot by Ryan Wilson.
6:39 of 1st period - Stopped by Allen York with a rebound.
8:54 of 1st period - Slapshot by Dustin Kohn.
8:54 of 1st period - Stopped by Andrei Vasilevskiy with a rebound.
9:48 of 1st period - Vince Hinostroza is hit by Brandon Burlon and loses puck.
9:59 of 1st period - Tyler Pitlick is hit by Fedor Fedorov.
10:05 of 1st period - Wrist shot by Fedor Fedorov.
10:05 of 1st period - Shot Blocked by Andrey Pedan.
10:27 of 1st period - Snap shot by Danny Kristo.
10:27 of 1st period - Stopped by Andrei Vasilevskiy without a rebound.
10:28 of 1st period - Christian Hanson wins face-off versus Steven Goertzen in Patriotes zone.
11:12 of 1st period - Wrist shot by Justin Florek.
11:12 of 1st period - Stopped by Allen York with a rebound.
11:14 of 1st period - Slapshot by David Kolomatis.
11:14 of 1st period - Shot Blocked by Stu Bickel.
11:16 of 1st period - Slapshot by David Kolomatis.
11:16 of 1st period - Stopped by Allen York without a rebound.
11:17 of 1st period - Corey Trivino wins face-off versus Phil McRae in Staline zone.
11:35 of 1st period - Slapshot by Phil McRae.
11:35 of 1st period - Stopped by Allen York without a rebound.
11:36 of 1st period - David Desharnais wins face-off versus Christian Hanson in Staline zone.
11:36 of 1st period - David Desharnais is hit by Andrew Gordon.
12:02 of 1st period - Ryan Wilson is hit by Lars Eller and loses puck.
13:17 of 1st period - Brandon Burlon is hit by Vince Hinostroza.
13:27 of 1st period - Slapshot by Dustin Kohn.
13:27 of 1st period - Shot Blocked by Ryan Wilson.
13:29 of 1st period - Snap shot by Jordan Caron.
13:29 of 1st period - Shot Misses the Net.
13:31 of 1st period - Snap shot by Stu Bickel.
13:31 of 1st period - Stopped by Andrei Vasilevskiy with a rebound.
13:33 of 1st period - Wrist shot by Jordan Caron.
13:33 of 1st period - Stopped by Andrei Vasilevskiy with a rebound.
13:35 of 1st period - Snap shot by Bryan Bickell.
13:35 of 1st period - Shot Blocked by Lauri Tukonen.
13:37 of 1st period - Snap shot by Dustin Kohn.
13:37 of 1st period - Stopped by Andrei Vasilevskiy with a rebound.
13:51 of 1st period - Snap shot by Matt Calvert.
13:51 of 1st period - Shot Blocked by Dustin Kohn.
14:33 of 1st period - Slapshot by Ryan Wilson.
14:33 of 1st period - Stopped by Allen York with a rebound.
14:35 of 1st period - Slapshot by Ryan Wilson.
14:35 of 1st period - Stopped by Allen York with a rebound.
15:03 of 1st period - Fedor Fedorov is hit by Tyler Pitlick and loses puck.
15:30 of 1st period - Slapshot by Marek Zagrapan.
15:30 of 1st period - Stopped by Andrei Vasilevskiy with a rebound.
15:43 of 1st period - Icing by Anthony Bitetto.
15:44 of 1st period - Zach Budish wins face-off versus David Desharnais in Patriotes zone.
15:49 of 1st period - Christian Hanson is hit by David Desharnais and loses puck.
16:39 of 1st period - Snap shot by Justin Florek.
16:39 of 1st period - Deflect By Zach Budish.
16:39 of 1st period - Stopped by Allen York without a rebound.
16:40 of 1st period - Christian Hanson wins face-off versus David Desharnais in Staline zone.
17:14 of 1st period - Slapshot by Justin Florek.
17:14 of 1st period - Stopped by Allen York with a rebound.
17:16 of 1st period - Snap shot by Phil McRae.
17:16 of 1st period - Stopped by Allen York with a rebound.
17:18 of 1st period - Snap shot by Justin Florek.
17:18 of 1st period - Shot Misses the Net.
17:20 of 1st period - Snap shot by Phil McRae.
17:20 of 1st period - Stopped by Allen York without a rebound.
17:21 of 1st period - Lars Eller wins face-off versus Christian Hanson in Staline zone.
17:46 of 1st period - Matt Calvert is hit by Dustin Kohn and loses puck.
17:55 of 1st period - Wrist shot by Tyler Pitlick.
17:55 of 1st period - Stopped by Andrei Vasilevskiy without a rebound.
17:56 of 1st period - Christian Hanson wins face-off versus Steven Goertzen in Patriotes zone.
17:56 of 1st period - Christian Hanson is hit by Philip Larsen.
18:06 of 1st period - Wrist shot by Christian Hanson.
18:06 of 1st period - Shot Blocked by Brandon Burlon.
18:08 of 1st period - Slapshot by Ryan Wilson.
18:08 of 1st period - Shot Misses the Net.
18:53 of 1st period - Minor Penalty to Lars Eller for Hooking.
18:54 of 1st period - Christian Hanson wins face-off versus Steven Goertzen in Staline zone.
19:10 of 1st period - Slapshot by Fedor Fedorov.
19:10 of 1st period - Shot Misses the Net.
19:50 of 1st period - Philip Larsen is hit by Christian Hanson and loses puck.
Goals for this period are 0 for Staline vs 0 for Patriotes.
Shots for this period are 11 for Staline vs 10 for Patriotes.

2nd period


0:01 of 2nd period - Christian Hanson wins face-off versus Steven Goertzen in neutral zone.
0:23 of 2nd period - Icing by Christian Hanson.
0:24 of 2nd period - Steven Goertzen wins face-off versus Zenon Konopka in Patriotes zone.
0:25 of 2nd period - Wrist shot by David Desharnais.
0:25 of 2nd period - Shot Hit the Post.
0:53 of 2nd period - Penalty to Lars Eller is over, Lars Eller is back on ice.
0:58 of 2nd period - Icing by Stu Bickel.
0:59 of 2nd period - Steven Goertzen wins face-off versus Zenon Konopka in Staline zone.
1:04 of 2nd period - Matt Calvert is hit by David Desharnais and loses puck.
1:24 of 2nd period - Minor Penalty to Andrew Gordon for Goalie Interference.
1:25 of 2nd period - Lars Eller wins face-off versus Zach Budish in Patriotes zone.
2:47 of 2nd period - Ryan Wilson is hit by James Sheppard.
3:05 of 2nd period - Brandon Burlon is hit by Ryan Wilson and loses puck.
3:16 of 2nd period - Ryan Wilson is hit by James Sheppard and loses puck.
3:24 of 2nd period - Penalty to Andrew Gordon is over, Andrew Gordon is back on ice.
3:45 of 2nd period - Wrist shot by Danny Kristo.
3:45 of 2nd period - Shot Misses the Net.
3:47 of 2nd period - Wrist shot by Danny Kristo.
3:47 of 2nd period - Stopped by Andrei Vasilevskiy without a rebound.
3:48 of 2nd period - Corey Trivino wins face-off versus Zach Budish in Patriotes zone.
3:49 of 2nd period - Wrist shot by Jiri Sekac.
3:49 of 2nd period - Shot Blocked by David Kolomatis.
3:51 of 2nd period - Snap shot by Tyler Pitlick.
3:51 of 2nd period - Shot Misses the Net.
3:53 of 2nd period - Slapshot by Corey Trivino.
3:53 of 2nd period - Deflect By Jiri Sekac.
3:53 of 2nd period - Goal by Jiri Sekac - Staline : 1 - Patriotes : 0.
3:54 of 2nd period - David Desharnais wins face-off versus Christian Hanson in neutral zone.
3:59 of 2nd period - Slapshot by Steven Goertzen.
3:59 of 2nd period - Shot Blocked by Ryan Wilson.
4:01 of 2nd period - Snap shot by James Sheppard.
4:01 of 2nd period - Stopped by Andrei Vasilevskiy with a rebound.
4:15 of 2nd period - Minor Penalty to Ryan Wilson for Tripping.
4:16 of 2nd period - David Desharnais wins face-off versus Andrew Gordon in Patriotes zone.
4:31 of 2nd period - Slapshot by Dustin Kohn.
4:31 of 2nd period - Deflect By Christian Hanson.
4:31 of 2nd period - Stopped by Andrei Vasilevskiy with a rebound.
4:41 of 2nd period - Bryan Bickell is hit by Timothy Kunes and loses puck.
6:15 of 2nd period - Penalty to Ryan Wilson is over, Ryan Wilson is back on ice.
6:21 of 2nd period - Off-side.
6:22 of 2nd period - Corey Trivino wins face-off versus Jared Knight in neutral zone.
6:25 of 2nd period - Snap shot by Tyler Pitlick.
6:25 of 2nd period - Stopped by Andrei Vasilevskiy without a rebound.
6:26 of 2nd period - Jared Knight wins face-off versus Corey Trivino in Patriotes zone.
6:41 of 2nd period - Slapshot by Tyler Pitlick.
6:41 of 2nd period - Goal by Tyler Pitlick - Staline : 2 - Patriotes : 0.
6:42 of 2nd period - David Desharnais wins face-off versus Christian Hanson in neutral zone.
6:45 of 2nd period - Fedor Fedorov is hit by Steven Goertzen and loses puck.
7:30 of 2nd period - Wrist shot by Lars Eller.
7:30 of 2nd period - Shot Hit the Post.
7:56 of 2nd period - Wrist shot by Danny Kristo.
7:56 of 2nd period - Shot Blocked by Christian Hanson.
8:57 of 2nd period - Slapshot by Justin Florek.
8:57 of 2nd period - Shot Misses the Net.
9:24 of 2nd period - Snap shot by David Desharnais.
9:24 of 2nd period - Stopped by Andrei Vasilevskiy with a rebound.
11:06 of 2nd period - Slapshot by Aaron Ness.
11:06 of 2nd period - Shot Misses the Net.
11:08 of 2nd period - Minor Penalty to David Desharnais for Roughing.
11:09 of 2nd period - Christian Hanson wins face-off versus Steven Goertzen in Staline zone.
11:10 of 2nd period - Slapshot by Ryan Wilson.
11:10 of 2nd period - Shot Blocked by Stu Bickel.
11:12 of 2nd period - Slapshot by Fedor Fedorov.
11:12 of 2nd period - Goal by Fedor Fedorov - Staline : 2 - Patriotes : 1.
11:13 of 2nd period - David Desharnais wins face-off versus Christian Hanson in neutral zone.
11:28 of 2nd period - Slapshot by Ryan Wilson.
11:28 of 2nd period - Deflect By Stu Bickel.
11:28 of 2nd period - Stopped by Allen York without a rebound.
11:29 of 2nd period - Lars Eller wins face-off versus Zenon Konopka in Staline zone.
11:29 of 2nd period - Lars Eller is hit by Zenon Konopka.
12:22 of 2nd period - Slapshot by Timothy Kunes.
12:22 of 2nd period - Shot Misses the Net.
12:53 of 2nd period - Snap shot by Zenon Konopka.
12:53 of 2nd period - Deflect By Matt Calvert.
12:53 of 2nd period - Stopped by Allen York with a rebound.
12:55 of 2nd period - Backhand shot by Aaron Ness.
12:55 of 2nd period - Shot Misses the Net.
13:15 of 2nd period - Slapshot by Steven Goertzen.
13:15 of 2nd period - Shot Misses the Net.
13:19 of 2nd period - Snap shot by David Desharnais.
13:19 of 2nd period - Stopped by Andrei Vasilevskiy with a rebound.
14:10 of 2nd period - Wrist shot by Lauri Tukonen.
14:10 of 2nd period - Shot Blocked by Dustin Kohn.
14:12 of 2nd period - Slapshot by Lauri Tukonen.
14:12 of 2nd period - Shot Misses the Net.
14:14 of 2nd period - Slapshot by David Kolomatis.
14:14 of 2nd period - Shot Misses the Net.
14:46 of 2nd period - David Desharnais is hit by Ryan Wilson and loses puck.
14:59 of 2nd period - Wrist shot by Steven Goertzen.
14:59 of 2nd period - Stopped by Andrei Vasilevskiy without a rebound.
15:00 of 2nd period - Zenon Konopka wins face-off versus Lars Eller in Patriotes zone.
15:00 of 2nd period - Zenon Konopka is hit by Lars Eller.
15:22 of 2nd period - Wrist shot by Zenon Konopka.
15:22 of 2nd period - Deflect By Matt Calvert.
15:22 of 2nd period - Stopped by Allen York with a rebound.
15:24 of 2nd period - Wrist shot by Zenon Konopka.
15:24 of 2nd period - Stopped by Allen York without a rebound.
15:25 of 2nd period - James Sheppard wins face-off versus Christian Hanson in Staline zone.
15:37 of 2nd period - Minor Penalty to Ryan Wilson for Hooking.
15:38 of 2nd period - Andrew Gordon wins face-off versus David Desharnais in Patriotes zone.
15:38 of 2nd period - Andrew Gordon is hit by James Sheppard.
16:03 of 2nd period - Timothy Kunes is hit by Dustin Kohn and loses puck.
17:27 of 2nd period - Wrist shot by Zach Budish.
17:27 of 2nd period - Stopped by Allen York with a rebound.
17:37 of 2nd period - Penalty to Ryan Wilson is over, Ryan Wilson is back on ice.
17:53 of 2nd period - Wrist shot by Jared Knight.
17:53 of 2nd period - Stopped by Allen York with a rebound.
17:55 of 2nd period - Wrist shot by Vince Hinostroza.
17:55 of 2nd period - Shot Misses the Net.
17:57 of 2nd period - Slapshot by Alex Petrovic.
17:57 of 2nd period - Shot Blocked by Philip Larsen.
18:15 of 2nd period - Marek Zagrapan is hit by Matt Calvert and loses puck.
18:34 of 2nd period - David Desharnais is hit by Jared Knight.
19:24 of 2nd period - Slapshot by Ryan Wilson.
19:24 of 2nd period - Stopped by Allen York without a rebound.
19:25 of 2nd period - Christian Hanson wins face-off versus Marek Zagrapan in Staline zone.
19:26 of 2nd period - Backhand shot by Fedor Fedorov.
19:26 of 2nd period - Stopped by Allen York without a rebound.
19:27 of 2nd period - Marek Zagrapan wins face-off versus Fedor Fedorov in Staline zone.
19:36 of 2nd period - Snap shot by Danny Kristo.
19:36 of 2nd period - Stopped by Andrei Vasilevskiy with a rebound.
Goals for this period are 2 for Staline vs 1 for Patriotes.
Shots for this period are 10 for Staline vs 9 for Patriotes.

3rd period


0:01 of 3rd period - David Desharnais wins face-off versus Christian Hanson in neutral zone.
0:05 of 3rd period - Stu Bickel is hit by Timothy Kunes and loses puck.
0:50 of 3rd period - Snap shot by Danny Kristo.
0:50 of 3rd period - Stopped by Andrei Vasilevskiy with a rebound.
0:52 of 3rd period - Slapshot by Brandon Burlon.
0:52 of 3rd period - Stopped by Andrei Vasilevskiy without a rebound.
0:53 of 3rd period - Marek Zagrapan wins face-off versus Christian Hanson in Patriotes zone.
0:54 of 3rd period - Snap shot by Danny Kristo.
0:54 of 3rd period - Stopped by Andrei Vasilevskiy with a rebound.
1:25 of 3rd period - Wrist shot by Marek Zagrapan.
1:25 of 3rd period - Stopped by Andrei Vasilevskiy with a rebound.
1:43 of 3rd period - Lauri Tukonen is hit by Viktor Loov and loses puck.
2:49 of 3rd period - Wrist shot by Christian Hanson.
2:49 of 3rd period - Shot Misses the Net.
3:32 of 3rd period - Wrist shot by Andrew Gordon.
3:32 of 3rd period - Deflect By Fedor Fedorov.
3:32 of 3rd period - Stopped by Allen York without a rebound.
3:33 of 3rd period - Zenon Konopka wins face-off versus David Desharnais in Staline zone.
3:42 of 3rd period - Snap shot by David Desharnais.
3:42 of 3rd period - Shot Blocked by Lauri Tukonen.
4:00 of 3rd period - Wrist shot by Jordan Caron.
4:00 of 3rd period - Shot Blocked by Timothy Kunes.
4:02 of 3rd period - Snap shot by Lars Eller.
4:02 of 3rd period - Shot Misses the Net.
4:04 of 3rd period - Slapshot by Philip Larsen.
4:04 of 3rd period - Deflect By Lars Eller.
4:04 of 3rd period - Stopped by Andrei Vasilevskiy with a rebound.
4:06 of 3rd period - Backhand shot by Brandon Burlon.
4:06 of 3rd period - Stopped by Andrei Vasilevskiy with a rebound.
5:11 of 3rd period - Vince Hinostroza is hit by Lars Eller and loses puck.
5:39 of 3rd period - Andrey Pedan is hit by Justin Florek and loses puck.
7:07 of 3rd period - Minor Penalty to Matt Calvert for Tripping.
7:08 of 3rd period - Lars Eller wins face-off versus Andrew Gordon in Patriotes zone.
9:07 of 3rd period - Penalty to Matt Calvert is over, Matt Calvert is back on ice.
9:36 of 3rd period - Slapshot by Aaron Ness.
9:36 of 3rd period - Stopped by Allen York without a rebound.
9:37 of 3rd period - Jared Knight wins face-off versus Corey Trivino in Staline zone.
9:38 of 3rd period - Wrist shot by Vince Hinostroza.
9:38 of 3rd period - Shot Blocked by Andrey Pedan.
10:11 of 3rd period - Snap shot by Vince Hinostroza.
10:11 of 3rd period - Stopped by Allen York without a rebound.
10:12 of 3rd period - David Desharnais wins face-off versus Zenon Konopka in Staline zone.
10:43 of 3rd period - Snap shot by Bryan Bickell.
10:43 of 3rd period - Stopped by Andrei Vasilevskiy with a rebound.
10:53 of 3rd period - Philip Larsen is hit by Ryan Wilson and loses puck.
11:46 of 3rd period - Wrist shot by Matt Calvert.
11:46 of 3rd period - Shot Blocked by Dustin Kohn.
11:54 of 3rd period - Wrist shot by Matt Calvert.
11:54 of 3rd period - Stopped by Allen York with a rebound.
12:08 of 3rd period - Danny Kristo is hit by Fedor Fedorov and loses puck.
12:25 of 3rd period - Wrist shot by Lars Eller.
12:25 of 3rd period - Shot Misses the Net.
12:31 of 3rd period - Wrist shot by Bryan Bickell.
12:31 of 3rd period - Stopped by Andrei Vasilevskiy with a rebound.
12:45 of 3rd period - Snap shot by Dustin Kohn.
12:45 of 3rd period - Deflect By Steven Goertzen.
12:45 of 3rd period - Stopped by Andrei Vasilevskiy with a rebound.
12:47 of 3rd period - Slapshot by Steven Goertzen.
12:47 of 3rd period - Shot Misses the Net.
12:49 of 3rd period - Wrist shot by Steven Goertzen.
12:49 of 3rd period - Shot Blocked by Timothy Kunes.
12:51 of 3rd period - Snap shot by Steven Goertzen.
12:51 of 3rd period - Stopped by Andrei Vasilevskiy without a rebound.
12:52 of 3rd period - Christian Hanson wins face-off versus David Desharnais in Patriotes zone.
13:42 of 3rd period - Snap shot by Steven Goertzen.
13:42 of 3rd period - Shot Misses the Net.
13:44 of 3rd period - Wrist shot by Steven Goertzen.
13:44 of 3rd period - Stopped by Andrei Vasilevskiy without a rebound.
13:45 of 3rd period - Lars Eller wins face-off versus Christian Hanson in Patriotes zone.
13:46 of 3rd period - Snap shot by Jordan Caron.
13:46 of 3rd period - Shot Blocked by Andrew Gordon.
13:50 of 3rd period - Wrist shot by Lars Eller.
13:50 of 3rd period - Stopped by Andrei Vasilevskiy without a rebound.
13:51 of 3rd period - Christian Hanson wins face-off versus Lars Eller in Patriotes zone.
13:56 of 3rd period - Philip Larsen is hit by Andrew Gordon and loses puck.
15:11 of 3rd period - Dustin Kohn is hit by Vince Hinostroza and loses puck.
15:51 of 3rd period - Snap shot by Tyler Pitlick.
15:51 of 3rd period - Goal by Tyler Pitlick - Staline : 3 - Patriotes : 1.
15:52 of 3rd period - Corey Trivino wins face-off versus Phil McRae in neutral zone.
16:04 of 3rd period - Icing by Brandon Burlon.
16:05 of 3rd period - Corey Trivino wins face-off versus Phil McRae in Staline zone.
16:13 of 3rd period - Wrist shot by Jiri Sekac.
16:13 of 3rd period - Shot Blocked by David Kolomatis.
16:15 of 3rd period - Slapshot by Philip Larsen.
16:15 of 3rd period - Deflect By Tyler Pitlick.
16:15 of 3rd period - Goal by Tyler Pitlick - Staline : 4 - Patriotes : 1.
16:16 of 3rd period - David Desharnais wins face-off versus Christian Hanson in neutral zone.
16:25 of 3rd period - Slapshot by Dustin Kohn.
16:25 of 3rd period - Deflect By James Sheppard.
16:25 of 3rd period - Stopped by Andrei Vasilevskiy with a rebound.
16:27 of 3rd period - Snap shot by David Desharnais.
16:27 of 3rd period - Stopped by Andrei Vasilevskiy with a rebound.
16:29 of 3rd period - Slapshot by Dustin Kohn.
16:29 of 3rd period - Shot Misses the Net.
16:31 of 3rd period - Slapshot by Stu Bickel.
16:31 of 3rd period - Stopped by Andrei Vasilevskiy with a rebound.
17:22 of 3rd period - Snap shot by Lars Eller.
17:22 of 3rd period - Shot Misses the Net.
17:24 of 3rd period - Wrist shot by Jordan Caron.
17:24 of 3rd period - Stopped by Andrei Vasilevskiy with a rebound.
17:34 of 3rd period - Philip Larsen is hit by Jared Knight and loses puck.
17:59 of 3rd period - Snap shot by Lars Eller.
17:59 of 3rd period - Deflect By Jordan Caron.
17:59 of 3rd period - Stopped by Andrei Vasilevskiy without a rebound.
18:00 of 3rd period - Christian Hanson wins face-off versus Steven Goertzen in Patriotes zone.
18:51 of 3rd period - Icing by Christian Hanson.
18:52 of 3rd period - Zenon Konopka wins face-off versus Corey Trivino in Patriotes zone.
18:57 of 3rd period - Philip Larsen is hit by Zenon Konopka and loses puck.
19:02 of 3rd period - Snap shot by Lauri Tukonen.
19:02 of 3rd period - Stopped by Allen York without a rebound.
19:03 of 3rd period - David Desharnais wins face-off versus Zenon Konopka in Staline zone.
19:03 of 3rd period - David Desharnais is hit by Anthony Bitetto.
19:20 of 3rd period - Icing by James Sheppard.
19:21 of 3rd period - David Desharnais wins face-off versus Christian Hanson in Staline zone.
19:21 of 3rd period - David Desharnais is hit by Christian Hanson.
19:47 of 3rd period - Slapshot by Stu Bickel.
19:47 of 3rd period - Shot Blocked by Matt Calvert.
Goals for this period are 2 for Staline vs 0 for Patriotes.
Shots for this period are 19 for Staline vs 5 for Patriotes.